 Dungeon Crawl Stone Soup version 0.28.0-45-g0d030f2227 (webtiles) character file.

Game seed: 17847840589967103418

19226 xantham the Fighter (level 12, -10/115 HPs)
             Began as a Minotaur Fighter on Apr 24, 2022.
             Was a Priest of Trog.
             Mangled by an orc warrior
             ... wielding a +0 halberd
              (20 damage)
             ... on level 1 of the Orcish Mines.
             The game lasted 02:18:26 (14799 turns).

xantham the Fighter (Minotaur Fighter)             Turns: 14799, Time: 02:18:27

Health: -10/115    AC: 18    Str: 22    XL:     12   Next: 34%
Magic:  11/11      EV: 11    Int:  5    God:    Trog [***...]
Gold:   866        SH:  0    Dex: 16    Spells: 11/11 levels left

rFire   + . .      SeeInvis .   V - +3 scimitar
rCold   . . .      Faith    .   (no shield)
rNeg    . . .      Spirit   .   D - +0 plate armour
rPois   .          Reflect  .   (helmet restricted)
rElec   .          Harm     .   S - +0 cloak
rCorr   .          Rampage  .   f - +0 pair of gloves
Will    .....      NoTele   +   (no boots)
Stlth   ..........              K - amulet of Qafrytsu {-Tele +Inv Regen+ Dex+2}
HPRegen 1.09/turn               t - +4 ring of evasion
MPRegen 0.12/turn               w - ring of protection from fire

@: mighty
A: horns 2, retaliatory headbutt
a: Renounce Religion, Evoke Invisibility, Berserk, Trog's Hand


You were on level 1 of the Orcish Mines.
You worshipped Trog.
Trog was most pleased with you.
You visited 3 branches of the dungeon, and saw 14 of its levels.
You also visited: Bailey.

You collected 866 gold pieces.

Inventory:

Hand Weapons
 r - a +2 rapier of speed
 J - the +12 rapier of Gallantry {pain, Will+}
   (You found it on level 8 of the Dungeon)

   In the hands of one skilled in necromantic magic, it inflicts extra damage on
   living creatures.
   Will:      It increases your willpower.
   Trog disapproves of the use of such an item.
 T - a +1 great sword
 V - a +3 scimitar (weapon)
 X - a +0 mace
 Y - a +4 short sword of venom
Missiles
 g - a throwing net
 k - 5 boomerangs (quivered)
 u - 15 poisoned darts
 M - 3 curare-tipped darts
Armour
 f - a +0 pair of gloves (worn)
 D - a +0 plate armour (worn)
 F - a +2 buckler
 S - a +0 cloak (worn)
Jewellery
 b - a ring of resist corrosion
 n - the ring of the Mage {Wiz Archmagi}
   (You found it on level 3 of the Dungeon)

   [ring of wizardry]

   It improves your spell success rate.
   Archmagi:  It increases the power of your magical spells.
 q - the amulet of the Mantidfly {Spirit Dex+3}
   (You found it on level 4 of the Dungeon)

   [amulet of guardian spirit]

   It causes incoming damage to be divided between your reserves of health and
   magic.
   Dex:       It affects your dexterity (+3).
 t - a +4 ring of evasion (left hand)
 w - a ring of protection from fire (right hand)
 x - a ring of willpower
 B - an amulet of regeneration
 I - an amulet of the acrobat
 K - the amulet of Qafrytsu (around neck) {-Tele +Inv Regen+ Dex+2}
   (You found it in a bailey)

   [amulet of regeneration]

   Dex:       It affects your dexterity (+2).
   +Inv:      It lets you turn invisible.
   -Tele:     It prevents most forms of teleportation.
   Regen:     It increases your rate of health regeneration.
 O - a ring of ice
Wands
 d - a wand of polymorph (16)
 p - a wand of mindburst (20)
 N - a wand of paralysis (1)
 Q - a wand of iceblast (6)
 W - a wand of flame (11)
Scrolls
 a - a scroll of enchant weapon {unknown}
 c - 2 scrolls of teleportation
 y - 2 scrolls of magic mapping
 z - a scroll of fog {unknown}
 A - 3 scrolls of identify
 E - a scroll of fear
 G - a scroll of amnesia {unknown}
 L - a scroll of summoning
 R - 2 scrolls of enchant armour
 U - a scroll of noise {unknown}
Potions
 e - 2 potions of ambrosia
 h - a potion of invisibility
 i - 2 potions of mutation
 j - a potion of cancellation {unknown}
 l - 5 potions of curing
 m - 3 potions of attraction
 o - 10 potions of degeneration
 s - a potion of lignification {unknown}
 v - a potion of berserk rage {unknown}
 C - a potion of magic
 H - a potion of flight


   Skills:
 + Level 13.2 Fighting
 + Level 12.9 Long Blades
 - Level 8.0 Throwing
 - Level 12.3 Armour
 - Level 4.2 Shields
 * Level 5.3 Evocations


You had 11 spell levels left.
You didn't know any spells.
Your spell library contained the following spells:

 Spells                   Type           Power      Damage    Failure   Level
 Conjure Flame            Conj/Fire      0%         6-21      100%        3
 Ignite Poison            Fire/Tmut/Pois 0%         N/A       100%        3
 Tukima's Dance           Hex            0%         N/A       100%        3
 Anguish                  Hex/Necr       0%         N/A       100%        4
 Sticky Flame             Conj/Fire      0%         2d3       100%        4
 Enfeeble                 Hex            0%         N/A       100%        7


Dungeon Overview and Level Annotations

Branches:
Dungeon (12/15)            Temple (1/1) D:7            Lair (0/6) D:11
    Orc (1/2) D:10         Bailey (visited)

Altars:
Ashenzari
Cheibriados
Dithmenos
Elyvilon
Fedhas
Gozag
Hepliaklqana
Kikubaaqudgha
Makhleb
Nemelex Xobeh
Okawaru
Qazlal
Ru
Sif Muna
Trog
Uskayaw
Vehumet
Wu Jian
Xom
Yredelemnul
Zin
The Shining One

Shops:
D:7 (

Annotations:
D:4 3 runed translucent doors, 101zpm's ghost, weakling KoSu
D:7 1 runed translucent door, hitsuchi's ghost, novice DECj
D:10 4 runed translucent doors


Innate Abilities, Weirdness & Mutations

You have a pair of horns on your head.
You reflexively headbutt those who attack you in melee.


Message History

The orc warrior is heavily wounded.
The orc no longer looks unusually strong.
The orc warrior misses you.
Cornered, the orc turns to fight!
You hit the orc warrior. Your headbutt misses the orc warrior.
The orc warrior is heavily wounded.
The orc warrior hits you with a +0 glaive!
* * * LOW HITPOINT WARNING * * *
The orc warrior closely misses you. x2
You feel very mighty all of a sudden. The ogre closely misses you.
You furiously retaliate!
You headbutt the ogre! The orc hits you but does no damage.
The orc warrior hits you but does no damage.
The orc warrior hits you from afar with a +0 glaive!
* * * LOW HITPOINT WARNING * * *
The ogre barely misses you. You furiously retaliate!
You headbutt the ogre, but do no damage.
The ogre hits you with a +0 giant club!
* * * LOW HITPOINT WARNING * * *
The orc warrior barely misses you. The ogre closely misses you.
You furiously retaliate!
You headbutt the ogre!
You kill the ogre!
Trog accepts your kill.
The orc no longer looks unusually strong.
The orc throws a boomerang.
The boomerang hits you but does no damage.
The ogre barely misses you.
The orc knight roars a battlecry!
The orcs go into a battle-frenzy!
The orc priest seems to regain its courage.
The ogre hits you with a +0 giant club!
* * * LOW HITPOINT WARNING * * *
The orc priest invokes the aid of Beogh against you.
Beogh smites you!
* * * LOW HITPOINT WARNING * * *
The ogre seems to regain its courage.
The ogre closely misses you. You furiously retaliate!
You headbutt the ogre! The troll bites you but does no damage.
The troll misses you. The troll claws you but does no damage.
The orc warrior hits you from afar with a +0 halberd!!
You die...

... ##................
...##...#...$.............
.....)...#...$...o.........
....).)...#......$....$.....
....)..).....................o###
...........O....................#
.....<>..........$.........#....o
..............o...Too.....# ....
................@.OTo.o..## ..#
.........#.......oO.......##.#
$.................o......).o##
.........#................)..#
......#.####.#.........##.#.##
#....#### ####.#.....#######
######.## ###


You could see an orc knight, 2 trolls, 3 orc warriors, 3 ogres, an orc priest
and 3 orcs.

Vanquished Creatures
  A catoblepas (D:10)
  A boulder beetle (D:10)
  6 two-headed ogres
  An orc knight (Bailey)
  3 cyclopes
  2 manticores
  9 centaur zombies
  Joseph (D:8)
  Maurice (D:12)
  2 gargoyles
  An unseen horror (D:10)
  2 trolls
  A hornet (D:10)
  5 slime creatures (D:12)
  A shadow (D:11)
  7 yaks
  Eustachio (D:4)
  A steam dragon (D:7)
  5 acid dragons
  3 water moccasins
  15 orc warriors
  A sky beast (D:8)
  2 black bears (D:5)
  A swamp drake (D:10)
  A necrophage (D:6)
  4 ogres
  2 centaurs
  3 kobold brigands
  2 phantoms
  Blork the orc (D:4)
  4 bullfrogs
  2 gnoll sergeants
  A wyvern zombie (D:6)
  3 scorpions
  A water moccasin zombie (D:6)
  5 killer bees
  4 howler monkeys (D:9)
  8 wights (D:10)
  A bullfrog zombie (D:6)
  6 hounds
  2 gnoll shamans
  9 orc priests
  A bullfrog skeleton (D:6)
  2 iguanas
  8 orc wizards
  A killer bee zombie (D:6)
  A hound skeleton (D:5)
  17 gnolls
  11 adders
  A shadow imp (D:6)
  A white imp (D:8)
  2 worms
  4 dart slugs
  53 orcs
  5 endoplasms
  A giant cockroach (D:2)
  14 goblins
  5 hobgoblins
  2 jackals (D:1)
  14 kobolds
  3 quokkas
  9 ball pythons
  7 bats
  5 frilled lizards
  2 rats (D:1)
301 creatures vanquished.

Notes
Turn   | Place    | Note
-------+----------+-------------------------------------------
     0 | D:1      | xantham the Minotaur Fighter began the quest for the Orb.
     0 | D:1      | Reached XP level 1. HP: 19/19 MP: 0/0
    34 | D:1      | Reached XP level 2. HP: 26/27 MP: 1/1
   117 | D:1      | You fall into a shaft and drop 1 floor!
   122 | D:2      | Found a shimmering altar of Xom.
   209 | D:1      | Reached skill level 4 in Fighting
   486 | D:1      | Reached XP level 3. HP: 33/33 MP: 2/2
   654 | D:1      | Found a faded altar of an unknown god.
  1328 | D:2      | Reached XP level 4. HP: 35/41 MP: 3/3
  2079 | D:3      | Found the ring of the Mage {Wiz Archmagi}
  2344 | D:3      | Reached XP level 5. HP: 46/47 MP: 4/4
  2535 | D:4      | Noticed an ogre
  2650 | D:4      | Found a runed translucent gate.
  2650 | D:4      | Noticed 101zpm's ghost (weakling KoSu)
  2651 | D:4      | Found a runed translucent gate.
  2652 | D:4      | Found a runed translucent gate.
  2674 | D:4      | Identified the amulet of the Mantidfly {Spirit Dex+3}
  2699 | D:4      | Reached skill level 5 in Fighting
  2699 | D:4      | Reached skill level 1 in Throwing
  2699 | D:4      | Reached skill level 5 in Armour
  2708 | D:4      | Reached XP level 6. HP: 48/56 MP: 5/5
  2885 | D:4      | Noticed Eustachio
  2897 | D:4      | Killed Eustachio
  2898 | D:4      | Reached skill level 5 in Long Blades
  2898 | D:4      | Reached XP level 7. HP: 45/62 MP: 6/6
  3147 | D:4      | Noticed Blork the orc
  3167 | D:4      | Killed Blork the orc
  3168 | D:4      | Reached skill level 6 in Fighting
  4035 | D:5      | Entered Level 5 of the Dungeon
  4395 | D:5      | Reached XP level 8. HP: 46/71 MP: 3/7
  4602 | D:5      | Reached skill level 7 in Fighting
  5528 | D:6      | Reached skill level 8 in Fighting
  5625 | D:6      | Reached XP level 9. HP: 71/82 MP: 6/8
  5995 | D:6      | Noticed a gargoyle
  6340 | D:7      | Reached skill level 9 in Fighting
  6366 | D:7      | Found a runed translucent door.
  6366 | D:7      | Noticed hitsuchi's ghost (novice DECj)
  6667 | D:7      | Found Ygo Olo's Weapon Emporium.
  6782 | D:7      | Found a staircase to the Ecumenical Temple.
  6845 | Temple   | Entered the Ecumenical Temple
  7093 | Temple   | Became a worshipper of Trog the Wrathful
  7541 | D:6      | Killed a gargoyle
  7884 | D:8      | Reached skill level 10 in Armour
  8010 | D:8      | Identified the +12 rapier of Gallantry {pain, Will+}
  8039 | D:8      | Reached XP level 10. HP: 93/93 MP: 9/9
  8339 | D:8      | Reached skill level 10 in Fighting
  8466 | D:8      | Noticed Joseph
  8483 | D:8      | Killed Joseph
  8484 | D:8      | Reached skill level 5 in Throwing
  8666 | D:9      | Reached * piety under Trog
  8705 | D:9      | Reached skill level 10 in Long Blades
  8955 | D:9      | Noticed a two-headed ogre
  8991 | D:9      | Killed a two-headed ogre
  9128 | D:10     | Entered Level 10 of the Dungeon
  9128 | D:10     | Noticed a two-headed ogre
  9172 | D:9      | Killed a two-headed ogre
  9212 | D:10     | Noticed a two-headed ogre
  9220 | D:10     | Killed a two-headed ogre
  9221 | D:10     | Reached skill level 11 in Fighting
  9226 | D:10     | Noticed a tengu warrior
  9226 | D:10     | Noticed a tengu warrior
  9382 | D:10     | Found a staircase to the Orcish Mines.
  9631 | D:10     | Found a flagged portal.
  9686 | D:10     | Reached ** piety under Trog
  9712 | Bailey   | Entered a bailey
  9884 | Bailey   | Reached XP level 11. HP: 87/102 MP: 10/10
 10351 | Bailey   | Noticed an orc knight
 10549 | Bailey   | Killed an orc knight
 10628 | Bailey   | Identified the amulet of Qafrytsu {-Tele +Inv Regen+ Dex+2}
 11154 | D:10     | Found a large runed translucent door.
 11156 | D:10     | Found a large runed translucent door.
 11159 | D:10     | Found a large runed translucent door.
 11159 | D:10     | Found a large runed translucent door.
 11478 | D:10     | Noticed a two-headed ogre
 11482 | D:10     | Killed a two-headed ogre
 11565 | D:10     | Noticed a catoblepas
 11608 | D:10     | Killed a catoblepas
 11609 | D:10     | Reached skill level 12 in Fighting
 11805 | D:10     | Found a glowing golden altar of the Shining One.
 12086 | D:11     | Noticed a boulder beetle
 12107 | D:10     | Killed a boulder beetle
 12402 | D:11     | Noticed a +0 spear
 12402 | D:11     | Noticed a +0 short sword
 12403 | D:11     | Noticed a +0 falchion
 12403 | D:11     | Noticed a +0 dagger
 12404 | D:11     | Noticed a +0 dagger
 12404 | D:11     | Noticed a +0 falchion
 12405 | D:11     | Noticed a +0 spear
 12405 | D:11     | Noticed a +0 short sword
 12407 | D:11     | Found a hide-covered altar of Uskayaw.
 12418 | D:11     | Found a staircase to the Lair.
 12458 | D:11     | Reached *** piety under Trog
 12465 | D:11     | Reached skill level 1 in Evocations
 12873 | D:11     | Noticed a two-headed ogre
 12884 | D:11     | Killed a two-headed ogre
 13169 | D:11     | Reached XP level 12. HP: 98/113 MP: 11/11
 13626 | D:12     | Noticed a two-headed ogre
 13633 | D:12     | Killed a two-headed ogre
 13973 | D:12     | Noticed Maurice
 14117 | D:12     | Reached skill level 13 in Fighting
 14177 | D:12     | Reached skill level 5 in Evocations
 14190 | D:12     | Paralysed by Maurice for 6 turns
 14199 | D:12     | Killed Maurice
 14235 | D:12     | Noticed a four-headed hydra
 14738 | Orc:1    | Entered Level 1 of the Orcish Mines
 14799 | Orc:1    | Mangled by an orc warrior

Illustrated notes

Levels and vault maps discovered:
D:1:      minmay_arrival_three_doors, layout_basic,
          shapermc_ecumenical_altar_pompeii
D:2:      layout_rooms, basic_altar, kennysheep_cluttered_room
D:3:      layout_loops_ring, hangedman_decor_diamond_cutter, minmay_pentangle
D:4:      layout_gridville, gammafunk_ghost_split, serial_co_window_serial,
          co_window_paths_a, co_window_of_opportunity_a, co_window_corner_a,
          co_window_paths_b, co_window_paths_b, co_window_cross_3,
          co_window_of_opportunity_c, co_window_2corner, co_window_sun,
          co_window_paths_e, amcnicky_mini_corridor_feature, minmay_bisected,
          uniq_eustachio, uniq_blork_the_orc
D:5:      layout_basic
D:6:      layout_cave_pools, minmay_between
D:7:      layout_basic, minmay_temple_entry_fiery, serial_shops,
          kennysheep_little_box, gammafunk_ghost_grave
D:8:      layout_basic, uniq_joseph
D:9:      layout_roguey, evilmike_butchery
D:10:     layout_basic, lemuel_coloured_pillars_altar, erik_orc_1,
          enter_bailey_5, minmay_misc_feat_tower, minmay_hollow_rounded_squares
D:11:     layout_cave_pods, lair_entry_dummy, nicolae_uskayaw_en_pointe
D:12:     layout_roguey, uniq_maurice
Temple:   nicolae_temple_the_god_donut
Orc:1:    layout_caves, serial_shops, nicolae_shop_advertising_works
          [nicolae_subvault_shop_adworks], minmay_orc_keep

Skill      XL: |  1  2  3  4  5  6  7  8  9 10 11 12 |
---------------+-------------------------------------+-----
Shields        | 4 |  4.2
Armour         | 4 5 6 8 10 11 12 | 12.3
Fighting       | 4 5 6 8 9 11 12 13 | 13.2
Long Blades    | 3 4 5 6 7 9 10 12 | 12.9
Throwing       | 1 2 3 4 6 8 |  8.0
Evocations     | 3 5 |  5.3

Action                   |  1- 3 |  4- 6 |  7- 9 | 10-12 || total
-------------------------+-------+-------+-------+-------++-------
Melee: Long sword        |    84 |    82 |     2 |       ||   168
       Headbutt          |    11 |    16 |    72 |   137 ||   236
       Rapier            |       |       |   327 |   317 ||   644
       Scimitar          |       |       |       |   229 ||   229
       Great sword       |       |       |       |     7 ||     7
       Punch             |       |       |       |     5 ||     5
       Mace              |       |       |       |     5 ||     5
Throw: Boomerang         |       |    11 |    44 |   112 ||   167
       Dart              |       |       |    10 |    26 ||    36
       Throwing net      |       |       |       |     1 ||     1
  Use: Scroll            |       |     4 |     5 |     6 ||    15
       Potion            |       |     3 |     3 |     5 ||    11
Armor: Scale mail        |    36 |    38 |    49 |       ||   123
       Plate armour      |       |       |    38 |   280 ||   318
Dodge: Dodged            |    50 |    38 |   132 |   237 ||   457
Block: Buckler           |    19 |    22 |    68 |    83 ||   192
